 Dungeon Crawl Stone Soup version 0.29-a0-397-g846e4a0bbc (webtiles) character file.

Game seed: 10274767974999124923

5 hquester the Conjurer (level 1, 0/9 HPs)
             Began as a Spriggan Conjurer on May 11, 2022.
             Killed from afar by a dart slug (5 damage)
             ... with a slug dart
             ... on level 1 of the Dungeon.
             The game lasted 00:01:13 (155 turns).

hquester the Conjurer (Spriggan Conjurer)            Turns: 155, Time: 00:01:14

Health: 0/9        AC:  2    Str:  3    XL:     1   Next: 66%
Magic:  1/5        EV: 17    Int: 19    God:
Gold:   0          SH:  0    Dex: 13    Spells: 4/5 levels left

rFire   . . .      SeeInvis +   (weapon restricted)
rCold   . . .      Faith    .   (no shield)
rNeg    . . .      Spirit   .   a - +0 robe
rPois   .          Reflect  .   (helmet restricted)
rElec   .          Harm     .   (no cloak)
rCorr   .          Rampage  .   (gloves unavailable)
Will    .....                   (boots unavailable)
Stlth   ++........              (no amulet)
HPRegen 0.03/turn               (no ring)
MPRegen 0.09/turn               (no ring)

@: very quick
A: very small, no large weapons, unfitting armour, see invisible, speed 3
a: no special abilities


You were on level 1 of the Dungeon.
You visited 1 branch of the dungeon, and saw 1 of its levels.

Inventory:

Armour
 a - a +0 robe (worn)
Potions
 b - a potion of magic


   Skills:
 + Level 2.7 Dodging
 + Level 3.0 Stealth
 + Level 2.7 Spellcasting
 + Level 3.1 Conjurations


You had 4 spell levels left.
You knew the following spells:

 Your Spells              Type           Power      Damage    Failure   Level
a - Magic Dart            Conj           56%        1d5       4%          1

Your spell library contained the following spells:

 Spells                   Type           Power      Damage    Failure   Level
 Searing Ray              Conj           28%        2d5       6%          2
 Dazzling Flash           Conj/Hex       16%        N/A       24%         3
 Fulminant Prism          Conj/Hex       4%         3d6       63%         4
 Iskenderun's Mystic Bla  Conj/Tloc      8%         2d4       63%         4


Dungeon Overview and Level Annotations

Branches:
Dungeon (1/15)

Altars:


Innate Abilities, Weirdness & Mutations

You are very small and have problems with some larger weapons.
You are too small for most types of armour.
You have supernaturally acute eyesight. (SInv)
You cover ground extremely quickly. (Speed+++)


Message History

Casting: Magic Dart (safe; 4% risk of failure)
Confirm with . or Enter, or press ? or * to list all spells.
Aiming: Magic Dart (safe; 4% risk of failure)
Press: ? - help, Shift-Dir - straight line, f - rat
Aim: a rat (100% to hit)
The magic dart hits the rat but does no damage.
Casting: Magic Dart (safe; 4% risk of failure)
Confirm with . or Enter, or press ? or * to list all spells.
Aiming: Magic Dart (safe; 4% risk of failure)
Press: ? - help, Shift-Dir - straight line, f/p - rat
Aim: a rat (100% to hit)
The magic dart hits the rat.
You kill the rat!
You hit the dart slug.
The dart slug is moderately wounded.
The dart slug launches a dart at you. The slug dart hits you.
You hit the dart slug but do no damage.
The dart slug is moderately wounded.
The dart slug launches a dart at you. The slug dart misses you.
You completely miss the dart slug.
The dart slug is moderately wounded.
You barely miss the dart slug.
The dart slug is moderately wounded.
The dart slug barely misses you.
You hit the dart slug.
The dart slug is moderately wounded.
The dart slug bites you but does no damage.
You hit the dart slug.
The dart slug is heavily wounded.
You hit the dart slug.
The dart slug is severely wounded.
The dart slug closely misses you.
You hit the dart slug.
The dart slug is almost dead.
The dart slug launches a dart at you. The slug dart hits you.
Ouch! That really hurt!
You die...

....... ..?...
..)w. #.). ...
#.##########
.#.####.#........#
.......w@#.#####.#
...####.###...##.#
##### ##.#.##.##.#
#....
##..##.##.####.###
#...........[....
#.###########.##.
..# #.##. #.##
#.... #. ####.


You could see a dart slug.

Vanquished Creatures
  2 endoplasms (D:1)
  A goblin (D:1)
  A kobold (D:1)
  A rat (D:1)
5 creatures vanquished.

Notes
Turn   | Place    | Note
-------+----------+-------------------------------------------
     0 | D:1      | hquester the Spriggan Conjurer began the quest for the Orb.
     0 | D:1      | Reached XP level 1. HP: 9/9 MP: 5/5
   155 | D:1      | Killed from afar by a dart slug

Illustrated notes

Levels and vault maps discovered:
D:1:      minmay_arrival_up_and_down, layout_loops_cross,
          ebering_ecumenical_altar_mist, minmay_cut_off

Skill      XL: |  1 |
---------------+----+-----
Conjurations   | 3 |  3.1
Dodging        | |  2.7
Stealth        | |  3.0
Spellcasting   | |  2.7

Action                   || total
-------------------------++-------
Melee: Unarmed           ||    16
 Cast: Magic Dart        ||     8
 Stab: Sleeping          ||     1
Armor: Robe              ||     1
Dodge: Dodged            ||     9

Table legend: (Time is in decaauts)
 A = Elapsed time spent in this place.
 B = Non-inter-level travel time spent in this place.
 C = Inter-level travel time spent in this place.
 D = Time resting spent in this place.
 E = Time spent auto-exploring this place.
 F = Levels seen in this place.
 G = Mean time per level.
                   A        B        C        D        E       F      G
               +--------+--------+--------+--------+--------+-----+--------+
         Total |    129 |    125 |      4 |      0 |     87 |   1 |  129.0 |
       Dungeon |    129 |    125 |      4 |      0 |     87 |   1 |  129.0 |
               +--------+--------+--------+--------+--------+-----+--------+

Top non-repeatable levels by time:
     D:1: 129 daAuts
